 Dungeon Crawl Stone Soup version 0.28.0-53-g5a82cb258f (webtiles) character file.

Game seed: 7109139548791741497

3326 Jerry the Skirmisher (level 10, -8/56 HPs)
             Began as a Vine Stalker Fighter on July 30, 2022.
             Killed from afar by an oklob plant (26 damage)
             ... with a splash of acid
             ... on level 3 of the Dungeon.
             The game lasted 00:17:00 (7488 turns).

Jerry the Skirmisher (Vine Stalker Fighter)         Turns: 7488, Time: 00:17:01

Health: -8/56      AC:  7    Str: 19    XL:     10   Next: 2%
Magic:  0/29       EV:  7    Int:  8    God:
Gold:   353        SH: 11    Dex: 18    Spells: 9/9 levels left

rFire   . . .      SeeInvis .   i - +1 short sword (speed)
rCold   . . .      Faith    .   c - +0 buckler
rNeg    . . .      Spirit   +   e - +0 shadow dragon scales
rPois   .          Reflect  +   k - +1 helmet
rElec   .          Harm     .   F - scarf {shadows}
rCorr   .          Rampage  .   (no gloves)
Will    +....                   (no boots)
Stlth   +++++.....              C - amulet of reflection
HPRegen 0.98/turn               p - ring of magical power
MPRegen 0.21/turn               m - ring of magical power

@: corroded
A: fangs 3, regeneration 1, magic shield, antimagic bite, no potion heal 2
a: no special abilities


You were on level 3 of the Dungeon.
You visited 2 branches of the dungeon, and saw 8 of its levels.

You collected 353 gold pieces.

Inventory:

Hand Weapons
 a - a +0 rapier
 i - a +1 short sword of speed (weapon)
Missiles
 D - a throwing net (quivered)
Armour
 c - a +0 buckler (worn)
 e - +0 shadow dragon scales (worn)
 k - a +1 helmet (worn)
 v - the +1 leather armour of Immorality {rCorr Dex+2}
   (You found it on level 4 of the Dungeon)

   Dex:       It affects your dexterity (+2).
   rCorr:     It protects you from acid and corrosion.
 E - a +0 cloak
 F - a scarf of shadows (worn)
Jewellery
 m - a ring of magical power (right hand)
 p - a ring of magical power (left hand)
 A - a ring of positive energy
 C - an amulet of reflection (around neck)
Wands
 x - a wand of paralysis (8)
Scrolls
 b - 5 scrolls of identify
 d - a scroll of fear {unknown}
 g - a scroll of silence {unknown}
 h - 6 scrolls of vulnerability {unknown}
 j - 2 scrolls of immolation {unknown}
 n - 2 scrolls of blinking {unknown}
 o - a scroll of fog {unknown}
 s - 3 scrolls of enchant weapon {unknown}
 B - a scroll of noise {unknown}
 G - a scroll of summoning {unknown}
Potions
 f - a potion of experience
 l - a potion of ambrosia
 q - a potion of attraction
 r - a potion of curing {unknown}
 t - a potion of cancellation
 u - a potion of lignification {unknown}
 w - a potion of magic {unknown}
 z - a potion of haste {unknown}
 H - a potion of berserk rage {unknown}


   Skills:
 + Level 7.7 Fighting
 + Level 7.5 Short Blades
 + Level 7.1 Armour
 - Level 7.2 Stealth
 - Level 6.5 Shields


You had 9 spell levels left.
You didn't know any spells.
Your spell library contained the following spells:

 Spells                   Type           Power      Damage    Failure   Level
 Magic Dart               Conj           0%         1d3       99%         1
 Ensorcelled Hibernation  Hex/Ice        0%         N/A       100%        2
 Passwall                 Tmut/Erth      0%         N/A       100%        2
 Searing Ray              Conj           0%         2d4       100%        2
 Swiftness                Air            0%         N/A       100%        3
 Vampiric Draining        Necr           0%         2d6       100%        3
 Fulminant Prism          Conj/Hex       0%         3d6       100%        4
 Death Channel            Necr           0%         N/A       100%        6
 Death's Door             Necr           0%         N/A       100%        9


Dungeon Overview and Level Annotations

Branches:
Dungeon (7/15)             Temple (1/1) D:4

Altars:
Cheibriados
Dithmenos
Elyvilon
Fedhas
Gozag
Hepliaklqana
Kikubaaqudgha
Nemelex Xobeh
Okawaru
Qazlal
Ru
Sif Muna
Trog
Vehumet
Wu Jian
Yredelemnul
Zin
The Shining One

Shops:
D:5 (

Annotations:
D:3 exclusion: oklob plant


Innate Abilities, Weirdness & Mutations

You have razor-sharp teeth.
Your natural rate of healing is unusually fast.
When hurt, damage is shared between your health and your magic reserves.
Your bite disrupts and absorbs the magic of your enemies.
Potions cannot restore your health.


Message History

The plant is moderately damaged.
You hit the plant. You bite the plant. You drain its power.
The plant is moderately damaged.
A nearby plant withers and dies.
You hit the oklob plant. You bite the oklob plant! You drain its power.
The oklob plant is lightly damaged.
You hit the oklob plant but do no damage.
You bite the oklob plant. You drain its power.
The oklob plant is moderately damaged.
The oklob plant spits acid at you. The splash of acid hits you!
You hit the oklob plant but do no damage.
The oklob plant is moderately damaged.
You hit the oklob plant but do no damage.
You bite the oklob plant, but do no damage.
The oklob plant is moderately damaged.
You hit the oklob plant but do no damage.
You bite the oklob plant. You drain its power.
You feel invigorated.
The oklob plant is moderately damaged.
You hit the oklob plant but do no damage.
You bite the oklob plant, but do no damage.
The oklob plant is moderately damaged.
The oklob plant spits acid at you. The splash of acid hits you!!
The acid corrodes you!
You hit the oklob plant but do no damage.
The oklob plant is moderately damaged.
You hit the oklob plant.
The oklob plant is moderately damaged.
The oklob plant spits acid at you. The splash of acid hits you!
The acid corrodes you!
You hit the oklob plant but do no damage.
You bite the oklob plant, but do no damage.
The oklob plant is moderately damaged.
You hit the oklob plant but do no damage.
The oklob plant is moderately damaged.
The oklob plant spits acid at you. The splash of acid hits you!!
The oklob plant spits acid at you. The splash of acid hits you!!!
You die...

...............#
#.....#.....
.####.......####
#....####### .# #.......#
#######....# .# #########
#..........#
######################....#
PPP♣PPP♣#PP.P.P#♣PPP##....#
♣PPPPPP♣♣PPP.PP...P♣P#.####
♣P#PPP...P♣.PPP....PP#.#
PP#♣#PP.PPPPP♣PP@P..♣#.#
.P♣PPPP.......P.PP#P####
######
♣.PP.P..≈≈.≈≈..P♣PP.P#
#.....
#♣P.#..≈≈≈.≈≈≈..♣PPP##
#.....
P.P♣..≈≈≈≈.≈≈≈≈..PPPP#
#....#
P.#..≈≈≈≈≈.≈≈≈≈≈.PP.P#
##...#
.#.P.≈≈≈≈...≈≈≈≈.P#P♣#
#...#
♣.PP.≈≈≈≈._.≈≈≈≈.PPP##
###...#
♣PP#.≈≈≈≈...≈≈≈≈..♣PP#
#.#####


You could see an oklob plant.

Vanquished Creatures
  Pikel (D:6)
  A troll (D:7)
  A steam dragon (D:6)
  2 water moccasins
  An acid dragon (D:7)
  2 sky beasts
  2 black bears (D:6)
  An ogre (D:6)
  2 centaurs
  A phantom (D:7)
  3 lemures (D:6)
  2 kobold brigands
  A water moccasin zombie (D:6)
  2 scorpions
  A wyvern skeleton (D:7)
  A water moccasin skeleton (D:4)
  The ghost of Tali the Skirmisher, a weakling DsBe of Trog (D:3)
  A centaur zombie (D:5)
  5 hounds
  An orc priest (D:5)
  3 bullfrog skeletons
  A gnoll shaman (D:7)
  A centaur skeleton (D:7)
  An iguana (D:6)
  4 orc wizards
  A hound zombie (D:3)
  Robin (D:4)
  9 gnolls
  A howler monkey skeleton (D:7)
  7 adders
  A shadow imp (D:7)
  A white imp (D:6)
  An ufetubus (D:7)
  3 dart slugs
  3 worms
  22 orcs
  4 ball pythons
  2 bats (D:2)
  4 endoplasms
  4 giant cockroaches
  13 goblins
  7 hobgoblins
  4 jackals (D:2)
  15 kobolds
  A quokka (D:2)
  3 training dummies (D:5)
  A frilled lizard (D:2)
  A giant cockroach zombie (D:3)
151 creatures vanquished.

Vanquished Creatures (others)
  A plant (D:3)
1 creature vanquished.

Grand Total: 152 creatures vanquished

Notes
Turn   | Place    | Note
-------+----------+-------------------------------------------
     0 | D:1      | Jerry the Vine Stalker Fighter began the quest for the Orb.
     0 | D:1      | Reached XP level 1. HP: 11/11 MP: 2/2
   300 | D:1      | Reached XP level 2. HP: 10/16 MP: 3/3
   908 | D:2      | Reached XP level 3. HP: 8/20 MP: 4/4
  1425 | D:2      | Gained mutation: Your natural rate of healing is unusually
                  | fast. [Vine Stalker growth]
  1425 | D:2      | Reached XP level 4. HP: 23/24 MP: 5/5
  1434 | D:2      | Found a faded altar of an unknown god.
  1887 | D:2      | Reached XP level 5. HP: 28/28 MP: 6/6
  2223 | D:3      | Found a glowing silver altar of Zin.
  2227 | D:3      | Noticed a water moccasin
  2236 | D:3      | Killed a water moccasin
  2237 | D:3      | Reached XP level 6. HP: 31/33 MP: 5/7
  2869 | D:3      | Found a blossoming altar of Fedhas.
  2884 | D:3      | Noticed an oklob plant
  3244 | D:3      | Found a sparkling altar of Nemelex Xobeh.
  3270 | D:3      | Found a runed translucent gate.
  3270 | D:3      | Found a runed translucent gate.
  3270 | D:3      | Found a runed translucent gate.
  3270 | D:3      | Noticed Tali's ghost (weakling DsBe)
  3272 | D:3      | Found a basalt altar of Yredelemnul.
  3778 | D:3      | Killed Tali's ghost
  3877 | D:4      | Reached skill level 5 in Armour
  3877 | D:4      | Reached XP level 7. HP: 41/41 MP: 8/8
  3898 | D:4      | Found an ornate altar of the Wu Jian Council.
  3916 | D:4      | Noticed Robin
  3959 | D:4      | Killed Robin
  4078 | D:4      | Found a staircase to the Ecumenical Temple.
  4091 | D:4      | Identified the +1 leather armour of Immorality {rCorr
                  | Dex+2}
  4100 | Temple   | Entered the Ecumenical Temple
  4754 | D:5      | Entered Level 5 of the Dungeon
  4798 | D:5      | Found a glowing golden altar of the Shining One.
  4893 | D:5      | Gained mutation: You have razor-sharp teeth. [Vine Stalker
                  | growth]
  4893 | D:5      | Reached XP level 8. HP: 40/45 MP: 9/9
  5231 | D:5      | Got Borgnjor's Catalogue of Sinister Secrets
  5500 | D:5      | Found Ziomorchatal's Firing Range.
  5631 | D:6      | Noticed Pikel
  5674 | D:6      | Killed Pikel
  5740 | D:6      | Reached XP level 9. HP: 50/50 MP: 10/10
  6857 | D:7      | Found a shimmering blue altar of Sif Muna.
  6915 | D:7      | Found an iron altar of Okawaru.
  6915 | D:7      | Found a bloodstained altar of Trog.
  7051 | D:7      | Noticed a troll
  7068 | D:7      | Killed a troll
  7069 | D:7      | Reached XP level 10. HP: 35/56 MP: 11/11
  7488 | D:3      | Killed from afar by an oklob plant

Illustrated notes

Levels and vault maps discovered:
D:1:      lordsloth_arrival_two_stooges, layout_basic, serial_forest,
          infiniplex_forest_clump_medium, infiniplex_forest_lined_1,
          infiniplex_forest_clump_tiny, infiniplex_forest_lined_room_3,
          infiniplex_forest_diagonal, infiniplex_forest_straight_3
D:2:      layout_loops_corners, shapermc_ecumenical_altar_totnotflames,
          serial_rivers, chequers_serial_rivers_micro_d,
          chequers_serial_rivers_large_a, chequers_serial_rivers_room_b,
          chequers_serial_rivers_room_a, chequers_serial_rivers_large_b
D:3:      layout_basic, nicolae_yredelemnul_ghost_church, tgw_fedhas,
          zin_academy, mainiacjoe_overflow_alcove_4, corner_web_ring
D:4:      layout_loops_cross, mainiacjoe_overflow_brackets,
          minmay_temple_entry_butterflies, uniq_robin
D:5:      layout_loops_ring, nicolae_tso_swordbearing_angel,
          nicolae_shop_firing_range
D:6:      layout_loops_ring, uniq_pikel
D:7:      layout_gridville, nicolae_sif_muna_condensation,
          grunt_temple_overflow_bloody_war
Temple:   jpeg_temple_island

Skill      XL: |  1  2  3  4  5  6  7  8  9 |
---------------+----------------------------+-----
Short Blades   | 2 3 6 7 |  7.5
Shields        | 3 6 |  6.5
Fighting       | 3 6 7 |  7.7
Armour         | 3 5 6 7 |  7.1
Stealth        | 7 |  7.2

Action                   |  1- 3 |  4- 6 |  7- 9 | 10-12 || total
-------------------------+-------+-------+-------+-------++-------
Melee: Rapier            |    30 |       |       |       ||    30
       Bite              |    10 |    31 |   109 |    12 ||   162
       Short sword       |    35 |   102 |   317 |    16 ||   470
  Use: Scroll            |       |     4 |       |       ||     4
       Potion            |       |     1 |     1 |       ||     2
 Stab: Sleeping          |       |       |    25 |       ||    25
       Distracted        |       |       |     1 |       ||     1
Armor: Scale mail        |    21 |    21 |       |       ||    42
       Shadow dragon sca |       |       |    87 |       ||    87
Dodge: Dodged            |    21 |    22 |    37 |       ||    80
Block: Buckler           |    12 |    13 |    62 |       ||    87
       Reflection        |       |       |     2 |       ||     2
